3557 views
Uploaded 2020-05-08 02:58:25
Game version 1.32.4 / 1.32.5
42:19 long 2on2 ladder game on (4)CentaurGrove
Saved by NeverQuit
3557 views
Uploaded 2020-05-08 02:58:25
Game version 1.32.4 / 1.32.5
42:19 long 2on2 ladder game on (4)CentaurGrove


70 units @ 9.9k
/ 1.3k
124 buildings @ 10.8k
/ 5.2k



x1)
| Ivory Tower | 5 | 200 |
| Staff of Sanctuary | 3 | 750 |
| Scroll of Town Portal | 4 | 1400 |
| Periapt of Vitality | 4 | 1300 |
| Boots of Speed | 2 | 500 |
| Circlet of Nobility | 8 | 1400 |
| Tome of Retraining | 1 | 300 |
| total: | 27 | 5850g |
| Peasant | 29 | 2175 | / | 0 |
| Footman | 5 | 675 | / | 0 |
| Knight | 1 | 245 | / | 60 |
| Gryphon Rider | 7 | 1960 | / | 490 |
| Goblin Shredder | 2 | 750 | / | 200 |
| total: | 44 | 5805g | / | 750w |
| Scout Tower | 73 | 2190 | / | 1460 |
| Arcane Tower | 10 | 700 | / | 500 |
| Guard Tower | 53 | 3710 | / | 2650 |
| Altar of Kings | 1 | 180 | / | 50 |
| Barracks | 1 | 160 | / | 60 |
| Farm | 10 | 800 | / | 200 |
| Lumber Mill | 2 | 240 | / | 0 |
| Blacksmith | 2 | 280 | / | 120 |
| Arcane Vault | 4 | 520 | / | 120 |
| Town Hall | 7 | 2695 | / | 1435 |
| Gryphon Aviary | 4 | 560 | / | 600 |
| Workshop | 1 | 140 | / | 140 |
| Keep | 2 | 640 | / | 420 |
| Castle | 2 | 720 | / | 420 |
| Ziggurat | 5 | 750 | / | 250 |
| Necropolis | 1 | 225 | / | 0 |
| total: | 111 | 8740g | / | 4435w |
| 0:03 | Peasant |
| 0:05 | Altar of Kings |
| 0:18 | Peasant |
| 0:19 | Barracks |
| 0:25 | Peasant |
| 0:34 | Farm |
| 0:40 | Peasant |
| 0:44 | Peasant |
| 0:53 | Peasant |
| 1:04 | Farm |
| 1:07 | Peasant |
| 1:20 | Footman |
| 1:35 | Farm |
| 1:42 | Farm |
| 1:42 | Footman |
| 2:00 | Peasant |
| 2:10 | Footman |
| 2:11 | Peasant |
| 2:13 | Summon Water Elemental |
| 2:27 | Peasant |
| 2:28 | Scout Tower |
| 2:33 | Peasant |
| 2:41 | Peasant |
| 2:42 | Footman |
| 3:18 | Peasant |
| 3:18 | Footman |
| 3:31 | Keep |
| 4:02 | Arcane Tower |
| 4:25 | Scout Tower |
| 4:29 | Lumber Mill |
| 4:44 | Blacksmith |
| 5:04 | Goblin Shredder |
| 5:04 | Goblin Shredder |
| 5:22 | Brilliance Aura |
| 5:28 | Arcane Vault |
| 5:36 | Farm |
| 5:40 | Farm |
| 6:23 | Guard Tower |
| 6:25 | Arcane Vault |
| 6:26 | Improved Masonry |
| 6:56 | Summon Water Elemental |
| 7:13 | Scout Tower |
| 7:14 | Scout Tower |
| 7:15 | Scout Tower |
| 7:16 | Scout Tower |
| 7:17 | Scout Tower |
| 7:28 | Advanced Masonry |
| 7:33 | Storm Bolt |
| 7:36 | Scout Tower |
| 7:43 | Guard Tower |
| 7:45 | Guard Tower |
| 7:46 | Scout Tower |
| 7:47 | Scout Tower |
| 7:59 | Town Hall |
| 8:01 | Scout Tower |
| 8:01 | Scout Tower |
| 8:05 | Guard Tower |
| 8:06 | Scout Tower |
| 8:15 | Guard Tower |
| 8:31 | Castle |
| 9:04 | Guard Tower |
| 9:09 | Guard Tower |
| 9:10 | Ivory Tower |
| 9:10 | Ivory Tower |
| 9:10 | Ivory Tower |
| 9:21 | Scout Tower |
| 9:51 | Peasant |
| 10:06 | Guard Tower |
| 10:08 | Improved Lumber Harvesting |
| 10:11 | Guard Tower |
| 10:14 | Blacksmith |
| 10:29 | Scroll of Town Portal |
| 10:30 | Ivory Tower |
| 10:30 | Ivory Tower |
| 11:04 | Imbued Masonry |
| 11:31 | Guard Tower |
| 11:34 | Iron Forged Swords |
| 11:38 | Studded Leather Armor |
| 11:39 | Gryphon Aviary |
| 11:40 | Peasant |
| 11:40 | Peasant |
| 11:40 | Peasant |
| 11:44 | Gryphon Aviary |
| 11:45 | Gryphon Aviary |
| 11:57 | Staff of Sanctuary |
| 12:05 | Gryphon Aviary |
| 12:15 | Scroll of Town Portal |
| 12:16 | Periapt of Vitality |
| 12:18 | Boots of Speed |
| 12:21 | Thunder Clap |
| 12:27 | Boots of Speed |
| 12:37 | Steel Forged Swords |
| 12:48 | Knight |
| 12:57 | Guard Tower |
| 12:59 | Animal War Training |
| 12:59 | Sundering Blades |
| 13:17 | Peasant |
| 13:17 | Peasant |
| 13:17 | Peasant |
| 13:17 | Peasant |
| 13:35 | Scout Tower |
| 13:36 | Scout Tower |
| 13:36 | Scout Tower |
| 13:37 | Scout Tower |
| 13:38 | Scout Tower |
| 13:38 | Scout Tower |
| 13:39 | Scout Tower |
| 13:52 | Ziggurat |
| 13:53 | Ziggurat |
| 13:54 | Ziggurat |
| 13:55 | Ziggurat |
| 13:55 | Ziggurat |
| 13:57 | Necropolis |
| 14:12 | Guard Tower |
| 14:16 | Scout Tower |
| 14:17 | Scout Tower |
| 14:17 | Scout Tower |
| 14:18 | Scout Tower |
| 14:35 | Reinforced Leather Armor |
| 14:44 | Guard Tower |
| 15:05 | Scout Tower |
| 15:06 | Scout Tower |
| 15:07 | Scout Tower |
| 15:07 | Scout Tower |
| 15:09 | Holy Light |
| 15:17 | Guard Tower |
| 15:25 | Mithril Forged Swords |
| 15:48 | Guard Tower |
| 15:51 | Lumber Mill |
| 16:23 | Black Gunpowder |
| 16:28 | Gryphon Rider |
| 16:48 | Periapt of Vitality |
| 16:50 | Circlet of Nobility |
| 16:55 | Town Hall |
| 16:56 | Scout Tower |
| 16:57 | Scout Tower |
| 16:58 | Scout Tower |
| 16:59 | Scout Tower |
| 17:08 | Farm |
| 17:09 | Farm |
| 17:10 | Dragonhide Armor |
| 17:28 | Guard Tower |
| 17:45 | Guard Tower |
| 18:15 | Farm |
| 18:16 | Farm |
| 18:35 | Circlet of Nobility |
| 18:35 | Circlet of Nobility |
| 19:01 | Peasant |
| 19:01 | Peasant |
| 19:01 | Peasant |
| 19:09 | Brilliance Aura |
| 19:19 | Storm Hammers |
| 19:19 | Gryphon Rider |
| 19:26 | Scout Tower |
| 19:29 | Scout Tower |
| 19:30 | Scout Tower |
| 20:03 | Town Hall |
| 20:06 | Staff of Sanctuary |
| 20:08 | Gryphon Rider |
| 20:20 | Guard Tower |
| 20:24 | Scout Tower |
| 20:25 | Scout Tower |
| 20:32 | Gryphon Rider |
| 20:33 | Gryphon Rider |
| 20:37 | Guard Tower |
| 21:06 | Scout Tower |
| 21:06 | Scout Tower |
| 21:09 | Arcane Tower |
| 21:10 | Scout Tower |
| 21:19 | Divine Shield |
| 21:29 | Gryphon Rider |
| 21:52 | Thunder Clap |
| 21:55 | Guard Tower |
| 22:04 | Arcane Tower |
| 22:13 | Guard Tower |
| 22:16 | Scout Tower |
| 22:16 | Scout Tower |
| 22:16 | Scout Tower |
| 22:17 | Scout Tower |
| 22:23 | Scout Tower |
| 22:38 | Tome of Retraining |
| 22:38 | Retrain Hero |
| 22:40 | Periapt of Vitality |
| 22:46 | Scout Tower |
| 22:46 | Scout Tower |
| 22:47 | Scout Tower |
| 22:49 | Brilliance Aura |
| 22:50 | Blizzard |
| 23:37 | Guard Tower |
| 23:40 | Holy Light |
| 24:03 | Scroll of Town Portal |
| 24:06 | Scout Tower |
| 24:07 | Scout Tower |
| 24:07 | Scout Tower |
| 24:16 | Town Hall |
| 24:32 | Scout Tower |
| 24:33 | Scout Tower |
| 25:10 | Arcane Tower |
| 25:11 | Town Hall |
| 25:55 | Guard Tower |
| 25:56 | Arcane Tower |
| 26:11 | Scout Tower |
| 26:11 | Scout Tower |
| 26:17 | Scout Tower |
| 26:18 | Scout Tower |
| 26:44 | Storm Bolt |
| 26:49 | Guard Tower |
| 26:50 | Scout Tower |
| 26:51 | Scout Tower |
| 26:54 | Brilliance Aura |
| 27:08 | Guard Tower |
| 27:32 | Divine Shield |
| 27:57 | Guard Tower |
| 27:59 | Guard Tower |
| 28:00 | Scout Tower |
| 28:01 | Scout Tower |
| 28:03 | Scout Tower |
| 28:08 | Gryphon Rider |
| 28:15 | Peasant |
| 28:15 | Peasant |
| 28:15 | Peasant |
| 28:15 | Peasant |
| 28:15 | Peasant |
| 28:31 | Guard Tower |
| 28:32 | Scout Tower |
| 28:33 | Scout Tower |
| 28:35 | Workshop |
| 28:44 | Scroll of Town Portal |
| 28:47 | Scout Tower |
| 29:11 | Guard Tower |
| 29:24 | Guard Tower |
| 29:28 | Arcane Tower |
| 29:35 | Scout Tower |
| 29:38 | Guard Tower |
| 29:42 | Scout Tower |
| 29:52 | Scout Tower |
| 29:55 | Arcane Vault |
| 30:05 | Periapt of Vitality |
| 30:13 | Circlet of Nobility |
| 30:16 | Scout Tower |
| 30:17 | Scout Tower |
| 31:05 | Guard Tower |
| 31:07 | Town Hall |
| 31:53 | Circlet of Nobility |
| 31:53 | Circlet of Nobility |
| 32:22 | Arcane Vault |
| 32:47 | Storm Bolt |
| 32:49 | Mass Teleport |
| 32:53 | Town Hall |
| 33:07 | Holy Light |
| 34:34 | Circlet of Nobility |
| 34:45 | Circlet of Nobility |
| 35:06 | Scout Tower |
| 35:07 | Scout Tower |
| 35:49 | Staff of Sanctuary |
| 38:58 | Thunder Clap |
| 39:02 | Blizzard |
| Right click | 2537 |
| Chat | 1563 |
| Select group | 1150 |
| Select | 826 |
| Build/train/purchase | 319 |
| Use ability | 149 |
| Assign group | 71 |
| Misc. action | 43 |
| Esc | 15 |
| Item give/drop | 7 |
| Minimap ping | 3 |

| Acolyte | 6 | 450 | / | 0 |
| Ghoul | 7 | 840 | / | 0 |
| Crypt Fiend | 12 | 2580 | / | 480 |
| Obsidian Statue | 1 | 200 | / | 35 |
| total: | 26 | 4070g | / | 515w |
| Spirit Tower | 3 | 435 | / | 120 |
| Altar of Darkness | 1 | 180 | / | 50 |
| Crypt | 2 | 400 | / | 100 |
| Ziggurat | 6 | 900 | / | 300 |
| Tomb of Relics | 1 | 130 | / | 30 |
| Graveyard | 1 | 215 | / | 0 |
| Slaughterhouse | 2 | 280 | / | 270 |
| Halls of the Dead | 1 | 320 | / | 210 |
| total: | 13 | 2105g | / | 750w |
| 0:07 | Altar of Darkness |
| 0:10 | Crypt |
| 0:13 | Ziggurat |
| 0:17 | Ziggurat |
| 0:29 | Acolyte |
| 0:40 | Acolyte |
| 1:03 | Tomb of Relics |
| 1:14 | Ghoul |
| 1:31 | Ziggurat |
| 1:42 | Ghoul |
| 1:54 | Ghoul |
| 2:06 | Ghoul |
| 2:24 | Ghoul |
| 2:40 | Carrion Swarm |
| 3:02 | Graveyard |
| 3:19 | Ghoul |
| 3:45 | Vampiric Aura |
| 4:11 | Ghoul |
| 4:19 | Acolyte |
| 4:30 | Ziggurat |
| 4:32 | Halls of the Dead |
| 5:01 | Creature Attack |
| 5:37 | Crypt Fiend |
| 5:43 | Crypt |
| 5:51 | Spirit Tower |
| 5:53 | Spirit Tower |
| 6:15 | Crypt Fiend |
| 6:22 | Spirit Tower |
| 6:36 | Crypt Fiend |
| 6:58 | Crypt Fiend |
| 7:40 | Slaughterhouse |
| 7:43 | Slaughterhouse |
| 7:59 | Web |
| 8:01 | Crypt Fiend |
| 8:16 | Creature Carapace |
| 8:57 | Crypt Fiend |
| 9:36 | Ziggurat |
| 9:36 | Ziggurat |
| 9:52 | Carrion Swarm |
| 10:29 | Crypt Fiend |
| 10:31 | Crypt Fiend |
| 10:43 | Acolyte |
| 10:44 | Acolyte |
| 10:44 | Acolyte |
| 11:19 | Crypt Fiend |
| 11:21 | Crypt Fiend |
| 11:48 | Crypt Fiend |
| 12:30 | Obsidian Statue |
| 12:31 | Crypt Fiend |
| 12:33 | Burrow |
| 12:38 | Improved Creature Carapace |
| 13:23 | Vampiric Aura |
| Right click | 414 |
| Select | 206 |
| Chat | 142 |
| Build/train/purchase | 42 |
| Select group | 21 |
| Use ability | 12 |
| Assign group | 8 |
| Resource trade | 5 |
| Remove unit | 1 |
96 units @ 13.2k
/ 1.9k
73 buildings @ 12.6k
/ 5.8k



| Healing Salve | 2 | 200 |
| Lesser Clarity Potion | 1 | 70 |
| Tiny Great Hall | 1 | 600 |
| total: | 4 | 870g |
| Peon | 24 | 1800 | / | 0 |
| Troll Headhunter | 11 | 1540 | / | 220 |
| Shaman | 8 | 1040 | / | 160 |
| Troll Berserker | 2 | 280 | / | 40 |
| Demolisher | 1 | 220 | / | 50 |
| Troll Batrider | 5 | 800 | / | 200 |
| Razormane Medicine Man | 2 | 700 | / | 120 |
| total: | 53 | 6380g | / | 790w |
| Watch Tower | 21 | 2310 | / | 1680 |
| Orc Burrow | 7 | 1120 | / | 280 |
| War Mill | 3 | 615 | / | 0 |
| Altar of Storms | 1 | 180 | / | 50 |
| Barracks | 2 | 360 | / | 100 |
| Voodoo Lounge | 1 | 130 | / | 30 |
| Great Hall | 6 | 2310 | / | 1110 |
| Spirit Lodge | 1 | 150 | / | 150 |
| Beastiary | 3 | 435 | / | 420 |
| Stronghold | 1 | 315 | / | 190 |
| Fortress | 1 | 325 | / | 190 |
| total: | 45 | 7610g | / | 3820w |
| 0:01 | Pillage |
| 0:09 | Peon |
| 0:28 | Orc Burrow |
| 0:29 | Peon |
| 0:35 | Peon |
| 0:47 | War Mill |
| 0:49 | Peon |
| 1:02 | Altar of Storms |
| 1:06 | Barracks |
| 1:16 | Peon |
| 1:32 | Peon |
| 1:39 | Peon |
| 1:54 | Orc Burrow |
| 2:09 | Troll Headhunter |
| 2:13 | Peon |
| 2:22 | Voodoo Lounge |
| 3:03 | Troll Headhunter |
| 3:03 | Troll Headhunter |
| 3:15 | War Stomp |
| 3:41 | Troll Headhunter |
| 4:10 | Troll Headhunter |
| 4:13 | Stronghold |
| 4:16 | Barracks |
| 4:18 | Orc Burrow |
| 4:32 | Healing Salve |
| 4:33 | Lesser Clarity Potion |
| 4:58 | Troll Headhunter |
| 5:30 | Endurance Aura |
| 6:09 | Troll Headhunter |
| 6:44 | Great Hall |
| 6:51 | Peon |
| 6:51 | Peon |
| 6:52 | Peon |
| 7:11 | Troll Headhunter |
| 7:17 | Spirit Lodge |
| 7:51 | Fortress |
| 9:13 | Shaman Adept Training |
| 9:15 | Troll Headhunter |
| 9:16 | Orc Burrow |
| 9:20 | Peon |
| 9:20 | Peon |
| 9:41 | Healing Wave |
| 9:49 | Razormane Medicine Man |
| 10:02 | Hex |
| 10:14 | Shaman Master Training |
| 10:16 | Berserker Upgrade |
| 10:19 | Troll Headhunter |
| 10:19 | Troll Headhunter |
| 10:22 | War Stomp |
| 10:42 | Steel Ranged Weapons |
| 10:45 | Shaman |
| 10:45 | Shaman |
| 11:18 | Orc Burrow |
| 11:20 | Troll Berserker |
| 12:12 | Burning Oil |
| 12:24 | Shaman |
| 12:43 | Frost Arrows |
| 13:44 | Troll Berserker |
| 13:45 | Shaman |
| 13:45 | Shaman |
| 13:47 | Healing Wave |
| 13:59 | Reinforced Defenses |
| 14:37 | Shaman |
| 14:40 | Watch Tower |
| 14:45 | Watch Tower |
| 15:00 | Endurance Aura |
| 15:04 | Forked Lightning |
| 15:29 | Peon |
| 15:29 | Peon |
| 15:29 | Peon |
| 15:30 | Peon |
| 16:09 | Great Hall |
| 17:58 | Orc Burrow |
| 17:59 | Orc Burrow |
| 18:01 | Spiked Barricades |
| 19:13 | Demolisher |
| 19:15 | Improved Spiked Barricades |
| 20:06 | Razormane Medicine Man |
| 21:00 | Watch Tower |
| 21:09 | Watch Tower |
| 21:28 | Peon |
| 21:28 | Peon |
| 21:28 | Peon |
| 21:53 | Watch Tower |
| 22:28 | Great Hall |
| 22:31 | Watch Tower |
| 23:12 | Watch Tower |
| 23:53 | Beastiary |
| 24:03 | War Mill |
| 24:14 | War Mill |
| 24:17 | Healing Salve |
| 25:03 | Great Hall |
| 25:24 | Tiny Great Hall |
| 26:23 | Watch Tower |
| 26:32 | Beastiary |
| 27:04 | Beastiary |
| 28:06 | Watch Tower |
| 28:13 | Troll Batrider |
| 28:41 | Shaman |
| 28:41 | Shaman |
| 28:44 | Troll Batrider |
| 29:27 | Troll Batrider |
| 29:28 | Troll Batrider |
| 29:53 | Troll Batrider |
| 31:34 | Great Hall |
| 31:42 | Great Hall |
| 32:12 | Watch Tower |
| 32:14 | Watch Tower |
| 32:15 | Peon |
| 32:15 | Peon |
| 32:39 | Watch Tower |
| 32:42 | Watch Tower |
| 32:47 | Watch Tower |
| 32:48 | Watch Tower |
| 32:49 | Watch Tower |
| 33:17 | Peon |
| 33:22 | Peon |
| 33:25 | Watch Tower |
| 36:02 | Watch Tower |
| 36:06 | Watch Tower |
| 36:09 | Watch Tower |
| 36:16 | Watch Tower |
| Right click | 1163 |
| Select | 1067 |
| Chat | 593 |
| Misc. action | 437 |
| Build/train/purchase | 105 |
| Use ability | 24 |
| Resource trade | 20 |
| Remove unit | 3 |
| Minimap ping | 3 |
| Assign group | 1 |
⇛
BeerCraft
(31:16) : 

| Healing Salve | 4 | 400 |
| Lesser Clarity Potion | 3 | 210 |
| Scroll of Speed | 1 | 50 |
| Orb of Lightning | 2 | 750 |
| Scroll of Town Portal | 3 | 1050 |
| total: | 13 | 2460g |
| Peon | 16 | 1200 | / | 0 |
| Grunt | 4 | 800 | / | 0 |
| Raider | 7 | 1260 | / | 280 |
| Spirit Walker | 3 | 585 | / | 105 |
| Kodo Beast | 4 | 1020 | / | 240 |
| Tauren | 4 | 1120 | / | 320 |
| Troll Batrider | 5 | 800 | / | 200 |
| total: | 43 | 6785g | / | 1145w |
| Watch Tower | 3 | 330 | / | 240 |
| Altar of Storms | 1 | 180 | / | 50 |
| Orc Burrow | 14 | 2240 | / | 560 |
| Barracks | 1 | 180 | / | 50 |
| Voodoo Lounge | 2 | 260 | / | 60 |
| War Mill | 1 | 205 | / | 0 |
| Great Hall | 3 | 1155 | / | 555 |
| Beastiary | 1 | 145 | / | 140 |
| Tauren Totem | 2 | 270 | / | 310 |
| Stronghold | 1 | 315 | / | 190 |
| Fortress | 1 | 325 | / | 190 |
| total: | 28 | 4965g | / | 1965w |
| 0:02 | Peon |
| 0:08 | Altar of Storms |
| 0:10 | Peon |
| 0:18 | Orc Burrow |
| 0:30 | Peon |
| 0:35 | Barracks |
| 0:50 | Peon |
| 1:05 | Peon |
| 1:14 | Peon |
| 1:20 | Peon |
| 1:38 | Grunt |
| 2:10 | Feral Spirit |
| 2:13 | Stronghold |
| 2:37 | Orc Burrow |
| 2:58 | Voodoo Lounge |
| 3:20 | Orc Burrow |
| 4:06 | Grunt |
| 4:07 | Grunt |
| 4:27 | Healing Salve |
| 4:27 | Lesser Clarity Potion |
| 4:29 | Scroll of Speed |
| 5:12 | Beastiary |
| 5:15 | Tauren Totem |
| 5:22 | Chain Lighting |
| 5:38 | Healing Wave |
| 5:43 | War Mill |
| 5:45 | Orc Burrow |
| 6:20 | Raider |
| 6:42 | Spirit Walker |
| 6:50 | Ensnare |
| 6:54 | Grunt |
| 6:56 | Steel Armor |
| 7:42 | Hex |
| 7:46 | Fortress |
| 7:49 | Raider |
| 7:50 | Spirit Walker |
| 7:56 | Feral Spirit |
| 8:23 | Kodo Beast |
| 9:08 | Spirit Walker Adept Training |
| 9:20 | Tauren Totem |
| 9:22 | Orc Burrow |
| 10:33 | Tauren |
| 10:41 | Spirit Walker Master Training |
| 10:44 | Kodo Beast |
| 11:11 | Tauren |
| 11:31 | Healing Wave |
| 12:07 | Pulverize |
| 12:08 | Orc Burrow |
| 12:42 | Great Hall |
| 12:45 | Watch Tower |
| 13:37 | Chain Lighting |
| 13:46 | Tauren |
| 14:05 | Peon |
| 14:05 | Peon |
| 14:23 | Peon |
| 14:23 | Peon |
| 15:22 | Orc Burrow |
| 15:24 | Orc Burrow |
| 15:29 | Hex |
| 15:35 | Scroll of Town Portal |
| 15:37 | Healing Salve |
| 15:37 | Lesser Clarity Potion |
| 15:46 | Orb of Lightning |
| 16:05 | Voodoo Lounge |
| 16:28 | Peon |
| 16:49 | Peon |
| 17:59 | Peon |
| 18:03 | Great Hall |
| 19:03 | Peon |
| 19:07 | Tauren |
| 19:55 | Watch Tower |
| 19:57 | Watch Tower |
| 19:59 | Healing Salve |
| 20:00 | Lesser Clarity Potion |
| 20:09 | Scroll of Town Portal |
| 20:34 | Spirit Walker |
| 21:29 | Feral Spirit |
| 21:47 | Great Hall |
| 22:36 | Troll Batrider |
| 22:36 | Troll Batrider |
| 22:37 | Troll Batrider |
| 22:47 | Raider |
| 22:48 | Raider |
| 22:48 | Raider |
| 22:48 | Raider |
| 23:39 | Orc Burrow |
| 23:41 | Orc Burrow |
| 23:53 | Scroll of Town Portal |
| 26:01 | Orc Burrow |
| 26:02 | Orc Burrow |
| 26:03 | Orc Burrow |
| 26:05 | Orc Burrow |
| 26:29 | Orb of Lightning |
| 28:05 | Peon |
| 28:21 | Raider |
| 28:34 | Healing Salve |
| 28:52 | Troll Batrider |
| 28:52 | Troll Batrider |
| 29:23 | Kodo Beast |
| 29:23 | Kodo Beast |
| Select group | 2910 |
| Select | 1144 |
| Right click | 926 |
| Misc. action | 193 |
| Assign group | 186 |
| Build/train/purchase | 130 |
| Chat | 117 |
| Use ability | 109 |
| Resource trade | 21 |
| Esc | 8 |
| Minimap ping | 8 |
| Remove unit | 7 |
| Item give/drop | 2 |